 Dungeon Crawl Stone Soup version 0.32-a0-136-gc02482bde3 (webtiles) character file.

Game seed: 5344582636969555444

90 Ceno the Sneak (level 4, 0/28 HPs)
             Began as an Octopode Shapeshifter on Feb 10, 2024.
             Constricted to death by a ball python (1 damage)
             ... on level 3 of the Dungeon.
             The game lasted 00:03:00 (1751 turns).

Ceno the Sneak (Octopode Shapeshifter)              Turns: 1751, Time: 00:03:01

Health: 0/28       AC:  1    Str: 13    XL:     4   Next: 56%
Magic:  4/4        EV: 10    Int: 12    God:
Gold:   128        SH:  0    Dex: 13    Spells: 3/3 levels left

rFire   . .          .
                       - Unarmed
rCold   . . .        (no shield)
rNeg    . . .        (helmet currently unavailable)
rPois   .            (no amulet)
rElec   .            (no ring)
rCorr   .            (no ring)
SInv    .            (no ring)
Will    .....        (no ring)
Stlth   +++          (no ring)
HPRegen 0.24/turn    (no ring)
MPRegen 0.09/turn    (no ring)
                     (no ring)

%: no passive effects
@: lethally poisoned (0 -> -3), beast-form, constricted
A: beast (slay +2), almost no armour, amphibious, 8 rings, camouflage 1,
gelatinous body 1, (nimble swimmer 1), tentacles
a: Begin Untransformation


You were on level 3 of the Dungeon.
You were a hulking beast.
You visited 1 branch of the dungeon, and saw 3 of its levels.

You collected 128 gold pieces.

Inventory:

Missiles
 d - 22 stones (quivered)
 f - 5 poisoned darts
 k - a throwing net
Jewellery
 e - a ring of protection from fire
Talismans
 b - a beast talisman
 c - a flux talisman
Scrolls
 h - a scroll of revelation {unknown}
 i - a scroll of identify {unknown}
 j - a scroll of fear {unknown}
 l - a scroll of silence {unknown}
 n - a scroll of blinking {unknown}
Potions
 a - a potion of lignification
 g - 2 potions of brilliance {unknown}
 m - a potion of might {unknown}


   Skills:
 - Level 1.0 Fighting
 - Level 2.0 Dodging
 * Level 4.1 Stealth
 + Level 3.6 Unarmed Combat
 + Level 3.5 Shapeshifting


You had 3 spell levels left.
You didn't know any spells.
Your spell library contained the following spells:

 Spells                   Type           Power      Damage    Failure   Level
 Kiss of Death            Conj/Necr      0%         2d5       32%         1
 Confusing Touch          Hex            0%         N/A       69%         3
 Dispel Undead            Necr           0%         3d6       97%         4


Dungeon Overview and Level Annotations

Branches:
Dungeon (3/15)

Altars:


Innate Abilities, Weirdness & Mutations

You are a hulking beast.
Your limbs bulge with bestial killing power. (Slay +2)
You cannot wear most types of armour.
You are amphibious.
You can wear up to eight rings at the same time.
Your skin changes colour to match your surroundings (Stealth+).
Your rubbery body absorbs attacks. (AC +1, EV +1)
((You are camouflaged when in or above water. (Stealth+)))
You have tentacles for arms and can constrict up to eight enemies at once.


Message History

You kill the orc!
A ball python comes into view.
Found 8 stones.
The helpless orc fails to defend itself.
You bludgeon the orc!
You kill the orc!
A ball python is nearby!
A scorpion comes into view.
You see here a +0 trident.
There is a stone staircase leading up here.
The ball python misses you. The ball python grabs you.
You stop ascending the stairs.
The ball python constricts you.
You closely miss the ball python. Your grab misses the ball python.
The ball python bites you but does no damage.
The ball python constricts you.
You completely miss the scorpion. You grab the scorpion.
You constrict the scorpion. The scorpion stings you.
The ball python barely misses you. The ball python constricts you.
The scorpion stings you.
You are poisoned.
The scorpion poisons you!
You tentacle-slap the scorpion.
The scorpion is lightly wounded.
You constrict the scorpion.
You feel sick. The ball python closely misses you.
The ball python constricts you. The scorpion stings you.
You bludgeon the scorpion!
The scorpion is severely wounded.
You constrict the scorpion.
You feel sick. The ball python bites you. The ball python constricts you.
The scorpion stings you.
You tentacle-slap the ball python. Your grab misses the ball python.
Your squeeze misses the ball python.
The ball python is moderately wounded.
You constrict the scorpion.
You feel sick. The ball python bites you. The ball python constricts you.
* * * LOW HITPOINT WARNING * * *
The scorpion stings you!
* * * LOW HITPOINT WARNING * * *
The ball python bites you but does no damage.
The ball python constricts you.
You die...

###########
#)..).....(
#..s.s.....
############.#########
#....hS.).....#
........s.......#
###.##########..# #
#..# #..# #..# ...#
#.#


You could see a scorpion and a ball python.

Vanquished Creatures
  An orc priest (D:3)
  An adder (D:2)
  A ribbon worm (D:2)
  A dart slug (D:2)
  3 orcs
  4 endoplasms
  9 hobgoblins
  4 jackals (D:2)
  A quokka (D:1)
  5 ball pythons
  2 bats
  3 frilled lizards (D:2)
  2 goblins
  3 kobolds
  3 rats (D:1)
43 creatures vanquished.

Notes
Turn   | Place    | Note
-------+----------+-------------------------------------------
     0 | D:1      | Ceno the Octopode Shapeshifter began the quest for the Orb.
     0 | D:1      | Reached XP level 1. HP: 13/13 MP: 1/1
    16 | D:1      | You fall into a shaft and drop 1 floor!
    90 | D:2      | Reached skill level 1 in Stealth
    98 | D:2      | Reached XP level 2. HP: 15/18 MP: 2/2
   198 | D:2      | Reached skill level 2 in Stealth
   518 | D:1      | Reached XP level 3. HP: 23/23 MP: 3/3
  1196 | D:2      | Reached skill level 3 in Stealth
  1628 | D:2      | Reached XP level 4. HP: 28/28 MP: 4/4
  1694 | D:3      | Reached skill level 4 in Stealth
  1733 | D:3      | Noticed a scorpion
  1751 | D:3      | HP: 1/28 [scorpion (7)]
  1751 | D:3      | Constricted to death by a ball python

Illustrated notes

Levels and vault maps discovered:
D:1:      elethiomel_arrival_maze, layout_basic, grunt_decor_resistance,
          minmay_fountain_box, due_unseen_surprise
D:2:      layout_basic
D:3:      layout_loops_ring, nicolae_qazlal_eye_of_the_storm,
          gammafunk_ghost_grave, minmay_crystal_room

Skill      XL: |  1  2  3  4 |
---------------+-------------+-----
Stealth        | 1 2 3 4 |  4.1
Fighting       | |  1.0
Dodging        | |  2.0
Unarmed Combat | |  3.6
Shapeshifting  | |  3.5

Action                     |  1- 3 |  4- 6 || total
---------------------------+-------+-------++-------
  Melee: Unarmed           |    69 |     9 ||    78
         Constrict         |    17 |     2 ||    19
         Tentacles         |    11 |     1 ||    12
         Punch             |     2 |       ||     2
  Throw: Stone             |       |     1 ||     1
   Stab: Sleeping          |    12 |     2 ||    14
         Distracted        |     1 |       ||     1
 Armour: Skin              |    23 |    10 ||    33
  Dodge: Dodged            |    36 |     3 ||    39

Table legend: (Time is in decaauts)
 A = Elapsed time spent in this place.
 B = Non-inter-level travel time spent in this place.
 C = Inter-level travel time spent in this place.
 D = Time resting spent in this place.
 E = Time spent auto-exploring this place.
 F = Levels seen in this place.
 G = Mean time per level.
                   A        B        C        D        E       F      G
               +--------+--------+--------+--------+--------+-----+--------+
         Total |   1746 |   1685 |     61 |     42 |   1293 |   3 |  582.0 |
       Dungeon |   1746 |   1685 |     61 |     42 |   1293 |   3 |  582.0 |
               +--------+--------+--------+--------+--------+-----+--------+

Top non-repeatable levels by time:
     D:2: 849 daAuts
     D:1: 830 daAuts
     D:3: 66 daAuts
